 Dungeon Crawl Stone Soup version 0.31-a0-232-gb1c03b2570 (webtiles) character file.

Game seed: 9879480772737241670

70 qw the Shooter (level 4, -1/26 HPs)
             Began as a Gargoyle Hexslinger on July 7, 2023.
             Slain by Sigmund
             ... wielding a +0 scythe
              (9 damage)
             ... on level 2 of the Dungeon.
             The game lasted 00:00:32 (1370 turns).

qw the Shooter (Gargoyle Hexslinger)                Turns: 1370, Time: 00:00:32

Health: -1/26      AC:  8    Str: 12    XL:     4   Next: 22%
Magic:  5/5        EV: 10    Int: 13    God:
Gold:   74         SH:  0    Dex: 14    Spells: 4/5 levels left

rFire   . . .        Y - +1 sling
rCold   . . .        (no shield)
rNeg    + . .        j - +0 ring mail
rPois   inf          (no helmet)
rElec   +            (no cloak)
rCorr   .            (no gloves)
SInv    .            (no boots)
Will    .....        (no amulet)
Stlth   +            (no ring)
HPRegen 0.24/turn    (no ring)
MPRegen 0.09/turn

%: no passive effects
@: no status effects
A: sickness immunity, AC +3, negative energy resistance 1, electricity
resistance, torment resistance 1, petrification resistance
a: no special abilities


You were on level 2 of the Dungeon.
You visited 1 branch of the dungeon, and saw 2 of its levels.

You collected 74 gold pieces.


Innate Abilities, Weirdness & Mutations

You are immune to sickness and miasma.
Your stone body is resilient. (AC +3)
You are immune to poison.
You resist negative energy. (rN+)
You are resistant to electric shocks. (rElec)
You are resistant to unholy torment.
You are immune to petrification.


   Skills:
 - Level 2.0 Fighting
 - Level 4.0 Ranged Weapons
 + Level 0.0 Armour
 - Level 1.5 Dodging
 - Level 1.0 Spellcasting
 - Level 2.6 Hexes


You had 4 spell levels left.
You knew the following spells:

 Your Spells              Type           Power      Damage    Failure   Level
a - Slow                  Hex            28%        N/A       22%         1

Your spell library contained the following spells:

 Spells                   Type           Power      Damage    Failure   Level
 Inner Flame              Hex/Fire       4%         N/A       73%         3
 Portal Projectile        Hex/Tloc       8%         N/A       73%         3
 Cause Fear               Hex            3%         N/A       91%         4

Inventory:

Hand Weapons
 Y - a +1 sling (weapon)
Armour
 b - a +2 robe
 c - a +0 pair of boots
 j - a +0 ring mail (worn)
Scrolls
 a - a scroll of noise {unknown}
 h - a scroll of identify
Potions
 d - a potion of magic {unknown}
 e - a potion of degeneration {unknown}
 g - a potion of brilliance {unknown}

Dungeon Overview and Level Annotations

Branches:
Dungeon (2/15)

Altars:
Hepliaklqana

Annotations:
D:2 Sigmund


Message History

Enter note:
Enter note:
1355 ||| FLEEEEING.
You shoot a sling bullet. The sling bullet hits Sigmund.
Sigmund is lightly wounded.
You shoot a sling bullet. The sling bullet hits Sigmund.
Sigmund is moderately wounded.
Sigmund casts a spell at you.
You are confused.
1358 ||| DRINKING 2 potions of curing.
You feel better.
1358 ||| (to cure confusion)
You shoot a sling bullet. The sling bullet hits Sigmund.
Sigmund is moderately wounded.
Sigmund points at you and mumbles some strange words.
You are confused.
1360 ||| DRINKING potion of curing.
You feel better.
1360 ||| (to cure confusion)
You shoot a sling bullet. The sling bullet hits Sigmund.
Sigmund is moderately wounded.
Sigmund says, "Your kind have come here before.
I understand now why.
You desire death..."
Sigmund mumbles some strange words.
Sigmund flickers and vanishes!
Deactivating autopickup; reactivate with Ctrl-A.
You shoot a sling bullet. You shoot a sling bullet.
Something hits you but does no damage.
You shoot a sling bullet. Something hits you.
You shoot a sling bullet. Something hits you but does no damage.
You shoot a sling bullet. Something hits you!
You shoot a sling bullet. Something hits you!
You shoot a sling bullet. Something hits you.
You shoot a sling bullet. You shoot a sling bullet. Something hits you!
You die...

..........#
..##.######
..##.# ..##.#
#.##.#
#:##.##
#.#...###
#.#[....#
############.
......#.#
#...@.{..$...
##.#.##.#
#.###########
#.#(##.#
#.#########
##.#.##.#
#.........#
........#
#########.#
.###.#..# #.#
.# #....#
##.#
.###.#..#
#..#
....)...#
#.##


There were no monsters in sight!

Vanquished Creatures
  Jessica (D:2)
  A worm (D:2)
  2 endoplasms
  4 giant cockroaches (D:1)
  5 goblins (D:1)
  2 hobgoblins (D:1)
  8 jackals (D:1)
  A quokka (D:1)
  2 ball pythons (D:1)
  A bat (D:1)
  4 frilled lizards
  5 kobolds (D:1)
  3 rats (D:1)
39 creatures vanquished.

Notes
Turn   | Place    | Note
-------+----------+-------------------------------------------
     0 | D:1      | qw the Gargoyle Hexslinger began the quest for the Orb.
     0 | D:1      | Reached XP level 1. HP: 12/12 MP: 2/2
     0 | D:1      | 0 ||| qw: Version: 0.3-a-46-gb1f654a
     0 | D:1      | 0 ||| qw: Game counter: 2772
     0 | D:1      | 0 ||| qw: Melee chars always use a shield: true
     0 | D:1      | 0 ||| qw: God list: Okawaru
     0 | D:1      | 0 ||| qw: Allow faded altars: false
     0 | D:1      | 0 ||| qw: Do Orc after clearing Dungeon:15 true
     0 | D:1      | 0 ||| qw: Do second Lair branch before Depths: true
     0 | D:1      | 0 ||| qw: Lair rune preference: random
     0 | D:1      | 0 ||| qw: Goals: Normal
     0 | D:1      | 0 ||| PLANNING D:1-11
    89 | D:1      | HP: 3/12 [jackal (2)]
   143 | D:1      | Reached XP level 2. HP: 16/16 MP: 3/3
   308 | D:1      | Reached skill level 3 in Ranged Weapons
   394 | D:1      | Reached XP level 3. HP: 20/21 MP: 4/4
   396 | D:1      | Found a hazy altar of Hepliaklqana.
  1023 | D:1      | 1023 ||| UPGRADING to +0 ring mail.
  1033 | D:1      | 1033 ||| DROPPING +0 robe.
  1034 | D:1      | 1034 ||| READING scroll labelled LAODIJ ULIEPRY.
  1035 | D:1      | 1035 ||| READING 3 scrolls labelled CADWOFR BUAK.
  1036 | D:1      | 1036 ||| READING scroll labelled SYVOUNT IFOXYLEJAN.
  1039 | D:1      | 1039 ||| DRINKING 2 silvery potions.
  1040 | D:1      | 1040 ||| DROPPING scroll of poison.
  1041 | D:1      | 1041 ||| DROPPING 2 scrolls of amnesia.
  1214 | D:2      | Noticed Jessica
  1217 | D:2      | 1217 ||| FLEEEEING.
  1223 | D:2      | Killed Jessica
  1224 | D:2      | Reached skill level 4 in Ranged Weapons
  1224 | D:2      | Reached XP level 4. HP: 25/26 MP: 5/5
  1227 | D:2      | Found a faded altar of an unknown god.
  1354 | D:2      | Noticed Sigmund
  1355 | D:2      | 1355 ||| FLEEEEING.
  1358 | D:2      | 1358 ||| DRINKING 2 potions of curing.
  1358 | D:2      | 1358 ||| (to cure confusion)
  1360 | D:2      | 1360 ||| DRINKING potion of curing.
  1360 | D:2      | 1360 ||| (to cure confusion)
  1370 | D:2      | Slain by Sigmund

Levels and vault maps discovered:
D:1:      mainiacjoe_arrival_reflecting_pool, layout_basic, serial_forest,
          infiniplex_forest_clump_long, infiniplex_forest_end_3,
          infiniplex_forest_clump_cross, infiniplex_forest_straight_2,
          infiniplex_forest_end_2, infiniplex_forest_clump_curved,
          infiniplex_forest_lined_2, minmay_hexomino_r4
D:2:      layout_loops_ring, hellmonk_ecumenical_altar_pennies_from_heaven,
          uniq_sigmund, uniq_jessica

Skill      XL: |  1  2  3 |
---------------+----------+-----
Ranged Weapons | 3 4 |  4.0
Fighting       | 2 |  2.0
Dodging        | |  1.5
Spellcasting   | |  1.0
Hexes          | |  2.6

Action                     |  1- 3 |  4- 6 || total
---------------------------+-------+-------++-------
   Fire: Sling             |   115 |    14 ||   129
    Use: Scroll            |     3 |       ||     3
         Potion            |     1 |     2 ||     3
 Armour: Robe              |    20 |       ||    20
         Ring mail         |     2 |     2 ||     4
  Dodge: Dodged            |    50 |       ||    50

Table legend:
 A = Non-vault XP
 B = Vault XP
 C = Vault XP percentage of total XP
 D = Non-vault monster count
 E = Vault monster count
 F = Vault count percentage of total count
                 A         B        C        D         E       F
            +---------+---------+-------+---------+---------+-------
      Total |      56 |      45 |  44.6 |      33 |       6 |  15.4
            +---------+---------+-------+---------+---------+-------
        D:1 |      47 |       8 |  14.5 |      29 |       5 |  14.7
        D:2 |       9 |      37 |  80.4 |       4 |       1 |  20.0
            +---------+---------+-------+---------+---------+-------
